AoeStats
← Simonfrnz

Black Forest

508620575Analyzed
2v2 RM · 10d ago on Sep 23, 2026· 56m 28s· 4 players
Game mode
Random Map
Map size
Medium (4 player)
Population
200
Speed
Normal
Resources
Standard
Victory
Conquest
Starting age
Dark Age
Ending age
Imperial Age
RankedLock teamsTeams togetherTeam positionsShared explorationLock speedFull tech treeHidden civsTurbo modeCheats
Victory
Defeat
🇳🇿 Britons · New Zealand
1039
+11
🇩🇪 Goths · Germany
970
+14
🇬🇧 Turks · United Kingdom
950
-13
🇬🇧 Mongols · United Kingdom
902
-12
andy-klundt
0:30 Loom
13:58 Feudal Age
18:32 Castle Age
16:30 Horse Collar
16:39 Double-Bit Axe
21:24 Wheelbarrow
22:29 Town Watch
28:29 Heavy Plow
28:43 Bow Saw
33:28 Imperial Age
31:33 Scale Mail Armor
31:44 Forging
32:02 Anarchy
32:47 Hand Cart
32:42 Pikeman
33:23 Squires
33:39 Halberdier
35:12 Gold Mining
36:03 Caravan
36:18 Town Patrol
37:53 Two-Man Saw
37:26 Crop Rotation
39:14 Chemistry
39:20 Chain Mail Armor
39:41 Iron Casting
44:19 Blast Furnace
43:47 Heavy Scorpion
46:07 Man-at-Arms
48:20 Long Swordsman
51:17 Padded Archer Armor
51:07 Fletching
51:51 Coinage
51:31 Guilds
51:49 Two-Handed Swordsman
52:59 Champion
Simonfrnz
0:33 Loom
11:36 Feudal Age
12:08 Double-Bit Axe
16:00 Castle Age
13:46 Horse Collar
16:51 Bow Saw
17:17 Heavy Plow
22:49 Wheelbarrow
24:28 Fletching
24:39 Padded Archer Armor
26:05 Hand Cart
30:55 Imperial Age
28:39 Gold Mining
29:23 Bodkin Arrow
29:52 Town Watch
30:39 Leather Archer Armor
31:59 Conscription
32:19 Gold Shaft Mining
32:59 Two-Man Saw
31:38 Capped Ram
33:07 Yeomen
32:59 Bracer
33:30 Ring Archer Armor
33:38 Stone Mining
34:39 Elite Longbowman
37:30 Caravan
38:52 Ballistics
39:33 Chemistry
39:35 Forging
39:26 Scale Mail Armor
39:25 Pikeman
40:06 Squires
39:53 Arson
41:11 Iron Casting
40:49 Town Patrol
40:38 Halberdier
41:57 Chain Mail Armor
41:51 Siege Engineers
41:57 Masonry
41:28 Treadmill Crane
43:45 Blast Furnace
45:33 Plate Mail Armor
46:53 Architecture
46:36 Fortified Wall
47:04 Elite Skirmisher
52:43 Warwolf
Rojeed
0:34 Loom
12:45 Feudal Age
13:29 Feudal Age
16:20 Double-Bit Axe
20:41 Castle Age
18:55 Horse Collar
22:04 Bow Saw
21:56 Heavy Plow
24:28 Wheelbarrow
26:32 Hand Cart
28:56 Husbandry
30:24 Bloodlines
31:10 Ballistics
31:04 Scale Barding Armor
32:52 Fletching
33:02 Padded Archer Armor
34:58 Bodkin Arrow
35:18 Leather Archer Armor
35:24 Chain Barding Armor
35:21 Thumb Ring
39:46 Imperial Age
37:05 Man-at-Arms
40:07 Forging
39:25 Long Swordsman
40:06 Squires
40:28 Bracer
40:52 Drill
40:57 Conscription
40:46 Siege Engineers
41:42 Chemistry
41:14 Parthian Tactics
40:14 Two-Handed Swordsman
41:52 Onager
42:58 Caravan
43:09 Elite Mangudai
46:16 Siege Onager
46:18 Heavy Scorpion
47:44 Light Cavalry
50:33 Iron Casting
49:58 Scale Mail Armor
49:56 Murder Holes
Bourny96
0:34 Loom
13:30 Feudal Age
19:44 Castle Age
18:02 Horse Collar
18:12 Double-Bit Axe
19:56 Wheelbarrow
22:21 Bow Saw
24:40 Heavy Plow
25:03 Fletching
26:22 Gold Mining
31:36 Imperial Age
32:00 Bodkin Arrow
33:14 Artillery
35:13 Bloodlines
35:12 Scale Barding Armor
35:18 Forging
35:08 Bracer
37:26 Chain Barding Armor
37:42 Iron Casting
37:08 Padded Archer Armor
38:05 Husbandry
38:34 Caravan
39:46 Two-Man Saw
39:04 Elite Janissary
40:26 Ballistics
42:17 Heavy Scorpion
43:36 Plate Barding Armor
43:18 Leather Archer Armor
55:52 Thumb Ring
55:51 Scale Mail Armor
Connection lost

Rejoining the realm…

Still unreachable

The connection could not be restored.

Session expired

The server has moved on; the page needs a fresh start.